 Dungeon Crawl Stone Soup version 0.31-a0-237-g2d982f9f85 (webtiles) character file.

Game seed: 13523735010058529915

635 qw the Shooter (level 7, -4/43 HPs)
             Began as a Gargoyle Hexslinger on July 10, 2023.
             Slain by a gnoll
             ... wielding a +0 halberd
             ... led by a gnoll sergeant
              (6 damage)
             ... on level 5 of the Dungeon.
             The game lasted 00:01:26 (3510 turns).

qw the Shooter (Gargoyle Hexslinger)                Turns: 3510, Time: 00:01:27

Health: -4/43      AC: 12    Str: 11    XL:     7   Next: 50%
Magic:  8/8        EV: 10    Int: 14    God:
Gold:   286        SH:  0    Dex: 14    Spells: 7/8 levels left

rFire   + . .        Y - +0 orcbow
rCold   . . .        (shield currently unavailable)
rNeg    + . .        c - +1 ring mail {rF+}
rPois   inf          e - +0 helmet
rElec   +            (no cloak)
rCorr   .            (no gloves)
SInv    .            (no boots)
Will    .....        (no amulet)
Stlth   +            (no ring)
HPRegen 0.27/turn    (no ring)
MPRegen 0.11/turn

%: no passive effects
@: no status effects
A: sickness immunity, AC +4, negative energy resistance 1, electricity
resistance, torment resistance 1, petrification resistance
a: no special abilities


You were on level 5 of the Dungeon.
You visited 1 branch of the dungeon, and saw 5 of its levels.

You collected 286 gold pieces.


Innate Abilities, Weirdness & Mutations

You are immune to sickness and miasma.
Your stone body is resilient. (AC +4)
You are immune to poison.
You resist negative energy. (rN+)
You are resistant to electric shocks. (rElec)
You are resistant to unholy torment.
You are immune to petrification.


   Skills:
 - Level 4.0 Fighting
 + Level 7.1 Ranged Weapons
 - Level 1.0 Armour
 - Level 1.5 Dodging
 - Level 1.0 Spellcasting
 - Level 2.6 Hexes


You had 7 spell levels left.
You knew the following spells:

 Your Spells              Type           Power      Damage    Failure   Level
a - Slow                  Hex            32%        N/A       21%         1

Your spell library contained the following spells:

 Spells                   Type           Power      Damage    Failure   Level
 Inner Flame              Hex/Fire       4%         N/A       71%         3
 Portal Projectile        Hex/Tloc       8%         N/A       71%         3
 Cause Fear               Hex            4%         N/A       90%         4

Inventory:

Hand Weapons
 Y - a +0 orcbow (weapon)
Armour
 c - a +1 ring mail of fire resistance (worn)
 e - a +0 helmet (worn)
Jewellery
 i - a ring of ice
Scrolls
 b - 5 scrolls of identify
Potions
 a - a potion of brilliance {unknown}
 d - a potion of curing
 f - a potion of haste
 g - a potion of cancellation

Dungeon Overview and Level Annotations

Branches:
Dungeon (5/15)
 Temple: D:4-7

Altars:
Wu Jian


Message History

You shoot an arrow. The arrow barely misses the gnoll.
The water moccasin bites you but does no damage.
The jackal bites you but does no damage.
The jackal closely misses you. The gnoll hits you with a +0 club.
The water moccasin bites you but does no damage.
The jackal misses you.
You shoot an arrow. The arrow hits the gnoll!
You kill the gnoll!
The jackal bites you but does no damage.
The water moccasin bites you. The jackal completely misses you.
The gnoll hits you from afar with a +0 halberd.
The jackal bites you but does no damage.
The water moccasin closely misses you. The jackal closely misses you.
The gnoll hits you but does no damage. The gnoll barely misses you.
You shoot an arrow. The arrow hits the water moccasin!
The water moccasin is severely wounded.
The jackal misses you.
The water moccasin bites you but does no damage.
The jackal bites you but does no damage.
The jackal barely misses you. The water moccasin misses you.
The gnoll barely misses you. The gnoll closely misses you.
The jackal bites you but does no damage.
You shoot an arrow.
The arrow barely misses the water moccasin.
The jackal barely misses you. The water moccasin barely misses you.
The jackal bites you.
The gnoll hits you from afar with a +0 halberd.
The gnoll barely misses you.
The jackal bites you but does no damage.
The water moccasin bites you.
The jackal bites you but does no damage.
You shoot an arrow. The arrow hits the water moccasin.
The water moccasin is almost dead.
The jackal closely misses you. The gnoll hits you with a +0 flail!
The gnoll hits you from afar with a +0 halberd.
The water moccasin closely misses you. The jackal bites you.
The jackal bites you but does no damage.
The water moccasin barely misses you.
The gnoll hits you from afar with a +0 halberd.
You die...

#...#..# .. #...##.#
.# ####......# .#
#.....##.## .
#.....##.## #.
#.....##..##
#g##......##..#
#####.hh...#.####.##
......g@...######..#
...^..S#...).......#
####################


You could see a water moccasin, 2 gnolls and 2 jackals.

Vanquished Creatures
  A black bear (D:5)
  A centaur (D:5)
  A scorpion (D:5)
  A gnoll sergeant (D:5)
  A howler monkey (D:4)
  4 iguanas
  7 gnolls
  5 adders
  An ufetubus (D:4)
  A worm (D:3)
  2 dart slugs (D:4)
  5 orcs
  8 bats
  4 endoplasms
  4 giant cockroaches
  8 goblins
  4 hobgoblins
  4 jackals (D:1)
  8 kobolds
  2 quokkas
  7 ball pythons
  3 frilled lizards
  3 rats
85 creatures vanquished.

Notes
Turn   | Place    | Note
-------+----------+-------------------------------------------
     0 | D:1      | qw the Gargoyle Hexslinger began the quest for the Orb.
     0 | D:1      | Reached XP level 1. HP: 12/12 MP: 2/2
     0 | D:1      | 0 ||| qw: Version: 0.3-a-52-g30416fa
     0 | D:1      | 0 ||| qw: Game counter: 5336
     0 | D:1      | 0 ||| qw: Melee chars always use a shield: true
     0 | D:1      | 0 ||| qw: God list: Okawaru
     0 | D:1      | 0 ||| qw: Allow faded altars: false
     0 | D:1      | 0 ||| qw: Do Orc after clearing Dungeon:15 true
     0 | D:1      | 0 ||| qw: Do second Lair branch before Depths: true
     0 | D:1      | 0 ||| qw: Lair rune preference: random
     0 | D:1      | 0 ||| qw: Goals: Normal
     0 | D:1      | 0 ||| PLANNING D:1-11
    48 | D:1      | Reached XP level 2. HP: 16/16 MP: 3/3
   121 | D:1      | HP: 2/16 [kobold/+0 dagger (3)]
   126 | D:1      | HP: 3/16 [kobold/+0 dagger (1)]
   234 | D:1      | Reached skill level 3 in Ranged Weapons
   738 | D:1      | Reached XP level 3. HP: 21/21 MP: 4/4
  1056 | D:1      | 1056 ||| UPGRADING to +0 leather armour.
  1066 | D:1      | 1066 ||| DROPPING +0 robe.
  1067 | D:1      | 1067 ||| READING scroll labelled LOBLUS FUHAWO.
  1070 | D:1      | 1070 ||| READING scroll labelled KUESUE ROTWAEN.
  1071 | D:1      | 1071 ||| READING scroll labelled OTEUNU QEGAUDOI.
  1072 | D:1      | 1072 ||| READING scroll labelled CAKEEM TUSI.
  1073 | D:1      | 1073 ||| READING scroll labelled TUPPEG EPHI.
  1074 | D:1      | 1074 ||| DROPPING scroll of poison.
  1528 | D:2      | 1528 ||| UPGRADING to +1 ring mail of fire resistance.
  1538 | D:2      | 1538 ||| UPGRADING to +0 helmet.
  1543 | D:2      | 1543 ||| DROPPING +0 leather armour.
  1544 | D:2      | 1544 ||| READING 2 scrolls labelled QILIME HOKEG.
  1545 | D:2      | 1545 ||| READING scroll labelled WUXERA IQEHE.
  1546 | D:2      | 1546 ||| DRINKING 2 golden potions.
  1547 | D:2      | 1547 ||| READING 5 scrolls of identify.
  1547 | D:2      | 1547 ||| IDENTIFYING yellow potion
  1548 | D:2      | 1548 ||| DROPPING scroll of noise.
  1576 | D:3      | Reached skill level 1 in Armour
  1628 | D:3      | Reached XP level 4. HP: 25/26 MP: 5/5
  2154 | D:3      | 2154 ||| READING 7 scrolls of identify.
  2154 | D:3      | 2154 ||| IDENTIFYING red potion
  2155 | D:3      | 2155 ||| READING 6 scrolls of identify.
  2155 | D:3      | 2155 ||| IDENTIFYING glowing purple potion
  2156 | D:3      | 2156 ||| READING 5 scrolls of identify.
  2156 | D:3      | 2156 ||| IDENTIFYING amethyst potion
  2157 | D:3      | 2157 ||| DROPPING potion of attraction.
  2203 | D:4      | Reached skill level 4 in Ranged Weapons
  2274 | D:4      | HP: 4/26 [gnoll/+0 halberd (6)]
  2275 | D:4      | 2275 ||| DRINKING potion of heal wounds.
  2281 | D:4      | Reached XP level 5. HP: 30/30 MP: 6/6
  2302 | D:4      | 2302 ||| SWAPPING to +0 orcbow.
  2306 | D:4      | 2306 ||| DROPPING +1 sling.
  2350 | D:4      | Reached skill level 5 in Ranged Weapons
  2539 | D:4      | Reached skill level 3 in Fighting
  2542 | D:4      | Reached XP level 6. HP: 28/37 MP: 7/7
  2967 | D:4      | 2967 ||| READING scroll labelled ZUADIJ BO DITYLEN.
  2981 | D:5      | Entered Level 5 of the Dungeon
  3107 | D:5      | Reached skill level 6 in Ranged Weapons
  3232 | D:5      | Reached XP level 7. HP: 24/43 MP: 8/8
  3277 | D:5      | HP: 10/43 [black bear (9)]
  3278 | D:5      | 3278 ||| READING scroll of teleportation.
  3278 | D:5      | HP: 4/43 [black bear (5)]
  3282 | D:5      | Found an ornate altar of the Wu Jian Council.
  3500 | D:5      | Reached skill level 7 in Ranged Weapons
  3510 | D:5      | HP: 5/43 [gnoll/+0 flail[a gnoll sergeant] (10)]
  3510 | D:5      | HP: 2/43 [jackal (1)]
  3510 | D:5      | Slain by a gnoll

Levels and vault maps discovered:
D:1:      matt_arrival_los_fun, layout_basic, nicolae_titane
D:2:      layout_rooms, chequers_serial_rivers_micro_e
D:3:      layout_loops_ring
D:4:      nicolae_cairo_tiling_very_big, layout_basic
D:5:      layout_rooms, nicolae_wu_jian_wuxing_cycle, trog_antimagical

Skill      XL: |  1  2  3  4  5  6  7 |
---------------+----------------------+-----
Ranged Weapons | 3 4 5 6 7 |  7.1
Fighting       | 2 3 4 |  4.0
Armour         | 1 |  1.0
Dodging        | |  1.5
Spellcasting   | |  1.0
Hexes          | |  2.6

Action                     |  1- 3 |  4- 6 |  7- 9 || total
---------------------------+-------+-------+-------++-------
   Fire: Sling             |   137 |    79 |       ||   216
         Orcbow            |       |   118 |    32 ||   150
    Use: Scroll            |     8 |     4 |     1 ||    13
         Potion            |     1 |     1 |       ||     2
 Armour: Robe              |    24 |       |       ||    24
         Ring mail         |    12 |    56 |    40 ||   108
         Leather armour    |     5 |       |       ||     5
  Dodge: Dodged            |    61 |    79 |    33 ||   173

Table legend:
 A = Non-vault XP
 B = Vault XP
 C = Vault XP percentage of total XP
 D = Non-vault monster count
 E = Vault monster count
 F = Vault count percentage of total count
                 A         B        C        D         E       F
            +---------+---------+-------+---------+---------+-------
      Total |     908 |       0 |   0.0 |      85 |       0 |   0.0
            +---------+---------+-------+---------+---------+-------
        D:1 |      44 |       0 |   0.0 |      26 |       0 |   0.0
        D:2 |      10 |       0 |   0.0 |       7 |       0 |   0.0
        D:3 |      50 |       0 |   0.0 |      15 |       0 |   0.0
        D:4 |     233 |       0 |   0.0 |      23 |       0 |   0.0
        D:5 |     571 |       0 |   0.0 |      14 |       0 |   0.0
            +---------+---------+-------+---------+---------+-------
